 Dungeon Sprint DCSS version 0.17-a0-1582-ge6b0260 (webtiles) character file.

988 Jb9000 the Blocker (level 8, -1/52 HPs)
             Began as a Gargoyle Fighter on July 27, 2015.
             Was an Initiate of Nemelex Xobeh.
             Killed from afar by a burning bush (14 damage)
             ... with a puff of flame
             ... in the Dungeon (Sprint IV: "Fedhas' Mad Dash").
             The game lasted 00:06:49 (2107 turns).

Jb9000 the Blocker (Gargoyle Fighter)               Turns: 2107, Time: 00:06:49

Health: -1/52      AC:  5    Str: 20    XL:     8   Next: 18%
Magic:  12/12      EV: 11    Int:  9    God:    Nemelex Xobeh [......]
Gold:   151        SH: 12    Dex: 11    Spells: 0 memorised, 12 levels left

rFire  . . .     SeeInvis .     a - +0 flail
rCold  . . .     Clarity  .     b - +0 scale mail
rNeg   + . .     SustAt   .     c - +0 shield
rPois  ∞         Gourm    .     (no helmet)
rElec  +         Spirit   .     (no cloak)
rCorr  .         Warding  .     (no gloves)
rMut   .         NoTele   +     (no boots)
MR     .....                    (no amulet)
Stlth  ++........               (no ring)
                                n - ring of invisibility

@: corroded equipment, very slightly contaminated, invisible, not resistant to
hostile enchantments, unstealthy
A: negative energy resistance 1, electricity resistance, unbreathing,
petrification resistance, rot immunity, AC +5
a: Renounce Religion, Turn Visible


You were in the Dungeon.
You worshipped Nemelex Xobeh.
Nemelex Xobeh was noncommittal.
You were not hungry.

You visited 1 branch You collected 151 gold pieces.

Inventory:

Hand weapons
 a - a +0 flail (weapon)
Armour
 b - a +0 scale mail (worn)
 c - a +0 shield (worn)
 m - a +0 ring mail
Jewellery
 g - an uncursed ring of ice
 n - a ring of invisibility (left hand)
Scrolls
 k - 2 scrolls of blinking
Potions
 i - 2 potions of magic


   Skills:
 + Level 6.8 Fighting
 + Level 4.4 Maces & Flails
 + Level 7.7 Armour
 * Level 6.1 Dodging
 * Level 7.2 Stealth
 * Level 10.6 Shields
 - Level 2.6 Spellcasting
 * Level 4.6 Evocations


You had 12 spell levels left.
You didn't know any spells.

Dungeon Overview and Level Annotations

Branches:
Dungeon (1/1)

Altars:
Cheibriados
Dithmenos
Elyvilon
Gozag
Kikubaaqudgha
Makhleb
Nemelex Xobeh
Okawaru
Qazlal
Ru
Sif Muna
Trog
Vehumet
Xom
Yredelemnul
Zin
The Shining One
Beogh
Jiyva
Lugonu

Shops:
D (:

Annotations:
D exclusions: 3 oklob plants and oklob sapling


Innate Abilities, Weirdness & Mutations

You are resistant to torment.
Your stone body is resilient (AC +5).
You are immune to poison.
You resist negative energy.
You are resistant to electric shocks.
You can survive without breathing.
You are immune to petrification.
You are immune to rotting.


Message History

The burning bush is moderately damaged.
The burning bush throws fire at you. You block the puff of flame.
The burning bush throws fire at you. You block the puff of flame.
You hit the burning bush but do no damage.
The burning bush is moderately damaged.
The burning bush throws fire at you. The puff of flame hits you!
You hit the burning bush but do no damage.
The burning bush is moderately damaged.
The oklob plant spits acid at you. The splash of acid hits you!
The acid corrodes you!
The acid burns!
* * * LOW HITPOINT WARNING * * *
The burning bush throws fire at you. The puff of flame misses you.
The burning bush throws fire at you. The puff of flame hits you!
You die...
Your body disappears without a glow.

####################
.....⌠.#..)...#....#
._._._.'.)#...#...P+
_._._._#..###'##.??#
._._._.#.[##∩∩.'@.P#
_....§§#############
########


You could see an oklob plant and a burning bush.

Vanquished Creatures
  A wandering mushroom (D)
  A queen bee (D)
  A burning bush (D)
  A scorpion (D)
  4 killer bees (D)
  3 oklob saplings (D)
  A worker ant (D)
  2 spriggans (D)
  A river rat (D)
  A rat (D)
  A fungus (D)
17 creatures vanquished.

Vanquished Creatures (collateral kills)
  A scorpion (D)
  An oklob sapling (D)
2 creatures vanquished.

Grand Total: 19 creatures vanquished

Notes
Turn   | Place    | Note
--------------------------------------------------------------
     0 | D        | Jb9000 the Gargoyle Fighter began the quest for the Orb.
     0 | D        | Reached XP level 1. HP: 14/14 MP: 1/1
    28 | D        | Reached skill level 4 in Shields
    28 | D        | Reached skill level 1 in Spellcasting
    28 | D        | Reached XP level 2. HP: 16/19 MP: 2/4
    52 | D        | Noticed an oklob sapling
    59 | D        | Killed an oklob sapling
    59 | D        | Reached skill level 1 in Dodging
    59 | D        | Reached skill level 5 in Shields
    59 | D        | Reached XP level 3. HP: 21/24 MP: 4/6
    79 | D        | Noticed a worker ant
    87 | D        | Killed a worker ant
    87 | D        | Reached XP level 4. HP: 28/30 MP: 7/7
   109 | D        | Noticed an oklob sapling
   113 | D        | Killed an oklob sapling
   125 | D        | Found a snail-covered altar of Cheibriados.
   125 | D        | Found a glowing silver altar of Zin.
   125 | D        | Found a white marble altar of Elyvilon.
   126 | D        | Found a viscous altar of Jiyva.
   126 | D        | Found a radiant altar of Vehumet.
   126 | D        | Found a deep blue altar of Sif Muna.
   126 | D        | Found a burning altar of Makhleb.
   126 | D        | Found an ancient bone altar of Kikubaaqudgha.
   126 | D        | Found a bloodstained altar of Trog.
   126 | D        | Found a corrupted altar of Lugonu.
   126 | D        | Found a sacrificial altar of Ru.
   126 | D        | Noticed an oklob sapling priest
   225 | D        | Noticed a killer bee
   225 | D        | Noticed a killer bee
   225 | D        | Noticed a queen bee
   226 | D        | Noticed a killer bee
   234 | D        | Noticed a killer bee
   236 | D        | Killed a killer bee
   236 | D        | Reached skill level 5 in Fighting
   236 | D        | Reached skill level 5 in Armour
   236 | D        | Reached skill level 6 in Shields
   236 | D        | Reached skill level 1 in Evocations
   236 | D        | Reached XP level 5. HP: 29/35 MP: 9/9
   241 | D        | Killed a killer bee
   241 | D        | Reached skill level 7 in Shields
   257 | D        | Killed a killer bee
   258 | D        | Killed a killer bee
   258 | D        | Reached skill level 8 in Shields
   258 | D        | Reached XP level 6. HP: 13/41 MP: 10/10
   267 | D        | Killed a queen bee
   267 | D        | Reached skill level 5 in Stealth
   267 | D        | Reached skill level 9 in Shields
   267 | D        | Reached XP level 7. HP: 24/47 MP: 11/11
   284 | D        | Noticed an oklob plant
   588 | D        | Noticed a burning bush
   764 | D        | Killed a burning bush
   764 | D        | Reached skill level 5 in Dodging
   951 | D        | Noticed an oklob sapling
   951 | D        | Noticed a burning bush
   951 | D        | Noticed an oklob plant
  1110 | D        | Found a sparkling altar of Nemelex Xobeh.
  1110 | D        | Found a glowing golden altar of the Shining One.
  1111 | D        | Found a shadowy altar of Dithmenos.
  1112 | D        | Found a shimmering altar of Xom.
  1112 | D        | Found an iron altar of Okawaru.
  1113 | D        | Found an opulent altar of Gozag.
  1114 | D        | Found a roughly hewn altar of Beogh.
  1114 | D        | Found a basalt altar of Yredelemnul.
  1127 | D        | Killed an oklob sapling priest
  1127 | D        | Reached skill level 10 in Shields
  1128 | D        | Found a stormy altar of Qazlal.
  1227 | D        | Became a worshipper of Nemelex Xobeh the Trickster
  1366 | D        | Received a gift from Nemelex Xobeh
  1366 | D        | Noticed an oklob sapling wizard
  1762 | D        | Killed an oklob sapling wizard
  1766 | D        | Noticed a scorpion
  1771 | D        | Killed a scorpion
  1858 | D        | Found Jaquwnoo's Book Shop.
  1859 | D        | Found Kuvu Limn's Weapon Emporium.
  1866 | D        | Noticed a burning bush
  1866 | D        | Noticed a wandering mushroom
  1871 | D        | Noticed a scorpion
  1881 | D        | Killed a scorpion
  1886 | D        | Noticed an oklob plant
  1886 | D        | a wandering mushroom changed into an oklob plant
  2072 | D        | Noticed a wandering mushroom
  2082 | D        | Killed a wandering mushroom
  2082 | D        | Reached XP level 8. HP: 52/52 MP: 10/12
  2107 | D        | Killed from afar by a burning bush

Vault maps used:
D:        dungeon_sprint_fedhas

Action                   |  1- 3 |  4- 6 |  7- 9 || total
-------------------------+-------+-------+-------++-------
Melee: Flail             |    36 |    35 |    52 ||   123
 Abil: Evoke Invisibilit |       |       |     2 ||     2
Evoke: Deck              |       |       |    12 ||    12
  Use: Potion            |       |     3 |     2 ||     5
       Scroll            |       |     1 |       ||     1
 Stab: Invisible         |       |       |     1 ||     1
  Eat: Royal jelly       |       |       |     3 ||     3
       Bread ration      |       |       |     1 ||     1
       Chunk             |       |       |     1 ||     1
